 Dungeon Crawl Stone Soup version 0.29-a0-824-gd827844252 (webtiles) character file.

Game seed: 5105633079850300106

128 greasedhog the Shooter (level 5, -2/38 HPs)
             Began as a Formicid Hunter on July 6, 2022.
             Slain by a killer bee (5 damage)
             ... on level 7 of the Dungeon on July 9, 2022.
             The game lasted 00:04:18 (2013 turns).

greasedhog the Shooter (Formicid Hunter)            Turns: 2013, Time: 00:04:19

Health: -2/38      AC:  3    Str: 15    XL:     5   Next: 34%
Magic:  5/5        EV: 12    Int:  9    God:
Gold:   67         SH:  0    Dex: 19    Spells: 4/4 levels left

rFire   . . .      SeeInvis +   a - +0 shortbow
rCold   . . .      Faith    .   (no shield)
rNeg    . . .      Spirit   .   c - +0 leather armour
rPois   .          Reflect  .   (helmet unavailable)
rElec   .          Harm     .   (no cloak)
rCorr   .          Rampage  .   (no gloves)
Will    .....                   (no boots)
Stlth   +++.......              (no amulet)
HPRegen 0.12/turn               (no ring)
MPRegen 0.09/turn               (no ring)

@: lethally poisoned (-2 -> -11)
A: permanent stasis, dig shafts and tunnels, antennae 3, four strong arms
a: Dig, Shaft Self


You were on level 7 of the Dungeon.
You visited 1 branch of the dungeon, and saw 6 of its levels.

You collected 67 gold pieces.

Inventory:

Hand Weapons
 a - a +0 shortbow (weapon)
 g - a +2 whip of venom
Missiles
 o - 2 throwing nets
Armour
 c - a +0 leather armour (worn)
Scrolls
 b - a scroll of immolation
 e - 3 scrolls of magic mapping
 f - 4 scrolls of identify
 i - a scroll of blinking
 j - a scroll of enchant weapon {unknown}
 l - 3 scrolls of noise {unknown}
 m - a scroll of amnesia {unknown}
Potions
 h - a potion of cancellation {unknown}
 k - a potion of invisibility {unknown}
 n - a potion of might {unknown}
 p - a potion of mutation {unknown}


   Skills:
 - Level 2.1 Fighting
 * Level 5.2 Ranged Weapons
 - Level 1.7 Dodging
 * Level 4.5 Stealth


You had 4 spell levels left.
You didn't know any spells.
Your spell library contained the following spells:

 Spells                   Type           Power      Damage    Failure   Level
 Magic Dart               Conj           0%         1d3       45%         1
 Call Imp                 Summ           0%         N/A       58%         2
 Mephitic Cloud           Conj/Pois/Air  0%         N/A       83%         3
 Summon Ice Beast         Ice/Summ       0%         N/A       99%         4
 Summon Mana Viper        Hex/Summ       0%         N/A       100%        5
 Monstrous Menagerie      Summ           0%         N/A       100%        7


Dungeon Overview and Level Annotations

Branches:
Dungeon (8/15)
 Temple: D:4-7         Lair: D:8-11

Altars:

Annotations:
D:3 Ijyb, Sigmund


Innate Abilities, Weirdness & Mutations

You cannot be hasted, slowed, berserked, paralysed or teleported.
You can dig through walls and to a lower floor.
You have a pair of large antennae on your head. (SInv)
Your four strong arms can wield two-handed weapons with a shield.


Message History

2 killer bees come into view.
The killer bee stings you but does no damage.
The killer bee stings you!
You are poisoned.
The killer bee poisons you!
The killer bee buzzes angrily.
There is a stone staircase leading up here.
You feel sick. The killer bee stings you.
You are more poisoned.
The killer bee poisons you! The killer bee stings you.
You are lethally poisoned!
The killer bee poisons you!
You climb upwards.
You feel very sick.
There is a stone staircase leading down here.
Fire: a) +0 shortbow
Press: ? - help, Q - select action, (/) - cycle Shift-Dir - straight line, f - killer bee
Aim: a killer bee (38% to hit)
You shoot an arrow. The arrow misses the killer bee.
* * * LOW HITPOINT WARNING * * *
You feel extremely sick.
You hear two shouts!
The killer bee closely misses you. x2
A two-headed ogre comes into view.
It is wielding a +0 dire flail and a +0 giant club.
As you read the scroll labelled WAWNI POZA, it crumbles to dust.
It is a scroll of identify.
i - a scroll of blinking
* * * LOW HITPOINT WARNING * * *
You feel very sick. The killer bee misses you.
The killer bee closely misses you.
Really attack while wielding your +0 shortbow? [Y]es or [N]o only, please.
Really attack while wielding your +0 shortbow? [Y]es or [N]o only, please.
Really attack while wielding your +0 shortbow?
You clumsily bash the killer bee but do no damage.
* * * LOW HITPOINT WARNING * * *
You feel very sick. The killer bee stings you.
You die...

## ###. ###
... #..##..
#.....
#....#
#...# #@y#
#.......#
.........
..........
###........
.........
.......O.
.........


You could see a two-headed ogre and a killer bee.

Vanquished Creatures
  Jessica (D:3)
  4 gnolls
  An adder (D:5)
  4 endoplasms
  5 giant cockroaches
  9 hobgoblins
  2 quokkas
  3 ball pythons
  3 bats
  3 frilled lizards
  6 goblins
  4 kobolds (D:1)
  8 rats
53 creatures vanquished.

Notes
Turn   | Place    | Note
-------+----------+-------------------------------------------
     0 | D:1      | greasedhog the Formicid Hunter began the quest for the Orb.
     0 | D:1      | Reached XP level 1. HP: 16/16 MP: 1/1
    59 | D:1      | Reached XP level 2. HP: 20/22 MP: 2/2
   143 | D:1      | Found a faded altar of an unknown god.
   241 | D:1      | Reached XP level 3. HP: 27/27 MP: 3/3
  1041 | D:2      | Reached XP level 4. HP: 33/33 MP: 4/4
  1353 | D:2      | You fall into a shaft and drop 1 floor!
  1354 | D:3      | Noticed Jessica
  1355 | D:3      | Killed Jessica
  1356 | D:3      | Reached skill level 5 in Ranged Weapons
  1356 | D:3      | Reached XP level 5. HP: 38/38 MP: 5/5
  1363 | D:3      | Noticed Ijyb
  1366 | D:3      | Noticed Sigmund
  1375 | D:3      | You fall into a shaft and drop 2 floors!
  1375 | D:5      | Entered Level 5 of the Dungeon
  1636 | D:5      | Upgraded the game from 0.29-a0-819-g94b489e0ae to
                  | 0.29-a0-824-gd827844252
  1674 | D:5      | You fall into a shaft and drop 3 floors!
  2011 | D:7      | Noticed a two-headed ogre
  2013 | D:7      | Slain by a killer bee

Illustrated notes

Levels and vault maps discovered:
D:1:      dpeg_arrival_water_temple_mockup, layout_basic,
          dreamdust_ecumenical_altar_statues, minmay_unequal
D:2:      layout_loops_cross, minmay_fountain_box, nicolae_titane
D:3:      layout_rooms, uniq_jessica, uniq_ijyb, uniq_sigmund
D:5:      cheibrodos_barr_body, layout_cave_pods, nemelex_spade_bored_becter,
          lemuel_crystal_altar, serial_column_ruins,
          column_ruins_open_small_water, column_ruins_open_large,
          column_ruins_columns_straight, column_ruins_grid_1,
          chequers_serial_rivers_micro_c, uniq_pikel
D:7:      layout_cave_pools, slow_altar_2, bloody_trog
D:8:      layout_basic, minmay_small_thing

Skill      XL: |  1  2  3  4 |
---------------+-------------+-----
Stealth        | 2 3 4 |  4.5
Ranged Weapons | 5 |  5.2
Fighting       | |  2.1
Dodging        | |  1.7

Action                   |  1- 3 |  4- 6 || total
-------------------------+-------+-------++-------
Melee: Whip              |       |     3 ||     3
       Shortbow          |       |     1 ||     1
 Fire: Shortbow          |    87 |    33 ||   120
 Abil: Dig               |       |     2 ||     2
       Shaft Self        |       |     2 ||     2
  Use: Scroll            |     2 |     2 ||     4
       Potion            |       |     1 ||     1
Armor: Leather armour    |     6 |     3 ||     9
Dodge: Dodged            |    26 |    20 ||    46

Table legend: (Time is in decaauts)
 A = Elapsed time spent in this place.
 B = Non-inter-level travel time spent in this place.
 C = Inter-level travel time spent in this place.
 D = Time resting spent in this place.
 E = Time spent auto-exploring this place.
 F = Levels seen in this place.
 G = Mean time per level.
                   A        B        C        D        E       F      G
               +--------+--------+--------+--------+--------+-----+--------+
         Total |   2047 |   2039 |      8 |    520 |   1157 |   6 |  341.2 |
       Dungeon |   2047 |   2039 |      8 |    520 |   1157 |   6 |  341.2 |
               +--------+--------+--------+--------+--------+-----+--------+

Top non-repeatable levels by time:
     D:1: 696 daAuts
     D:2: 686 daAuts
     D:8: 335 daAuts
     D:5: 302 daAuts
     D:3: 22 daAuts
     D:7: 3 daAuts
